 Dungeon Crawl Stone Soup version 0.22.1-1-ga44c0e5 (webtiles) character file.

427 MalarOregon the Ruffian (level 6, -5/52 HPs)
             Began as a Minotaur Transmuter on Sept 24, 2018.
             Slain by a gnoll
             ... wielding a +0 halberd
              (10 damage)
             ... on level 3 of the Dungeon.
             The game lasted 00:05:30 (3495 turns).

MalarOregon the Ruffian (Minotaur Transmuter)       Turns: 3495, Time: 00:05:30

Health: -5/52      AC:  3    Str: 14    XL:     6   Next: 65%
Magic:  8/8        EV: 13    Int: 12    God:
Gold:   173        SH:  0    Dex: 11    Spells: 7/9 levels left

rFire    . . .     SeeInvis .   v - +0 quarterstaff (speed)
rCold    . . .     Gourm    .   (shield currently unavailable)
rNeg     . . .     Faith    .   b - +0 robe
rPois    .         Spirit   .   (helmet restricted)
rElec    .         Reflect  .   t - +0 cloak {MR+}
rCorr    .         Harm     .   (no gloves)
MR       +....                  (no boots)
Stlth    +.........             (no amulet)
HPRegen  0.17/turn              (no ring)
MPRegen  0.11/turn              (no ring)

@: no status effects
A: retaliatory headbutt, horns 2
a: no special abilities


You were on level 3 of the Dungeon.
You were hungry.

You visited 1 branch of the dungeon, and saw 4 of its levels.

You collected 173 gold pieces.

Inventory:

Hand Weapons
 v - a +0 quarterstaff of speed (weapon)
   (You found it on level 4 of the Dungeon)
Missiles
 a - 79 arrows
Armour
 b - a +0 robe (worn)
 t - a +0 cloak of magic resistance (worn)
   (You took it off Crazy Yiuf on level 3 of the Dungeon)
Jewellery
 l - a cursed ring of teleportation {unknown}
   (You found it on level 1 of the Dungeon)
 s - an uncursed ring of see invisible {unknown}
   (You found it on level 3 of the Dungeon)
Scrolls
 c - 9 scrolls of identify {unknown}
 d - 3 scrolls of teleportation {unknown}
 g - 2 scrolls of enchant armour {unknown}
 n - a scroll of remove curse {unknown}
Potions
 f - 3 potions of flight {unknown}
 h - 2 potions of berserk rage {unknown}
 i - 4 potions of curing {unknown}
 j - 2 potions of degeneration {unknown}
 k - a potion of might {unknown}
 m - a potion of lignification {unknown}
 o - a potion of brilliance {unknown}
 p - 2 potions of ambrosia {unknown}
 q - a potion of haste {unknown}
 r - a potion of heal wounds {unknown}
 u - a potion of invisibility {unknown}
Comestibles
 e - 7 rations {!d}
 w - 5 chunks of flesh


   Skills:
 * Level 3.9 Fighting
 + Level 2.1 Staves
 * Level 4.1 Dodging
 * Level 4.9 Unarmed Combat
 + Level 2.0 Spellcasting
 + Level 2.5 Transmutations


You had 7 spell levels left.
You knew the following spells:

 Your Spells              Type           Power        Failure   Level  Hunger
s - Sticks to Snakes      Tmut           #.......     14%         2    ###....

Your spell library contained the following spells:

 Spells                   Type           Power        Failure   Level  Hunger
 Beastly Appendage        Tmut           #.....       10%         1    ##.....
 Spider Form              Tmut/Pois      #.........   43%         3    ####...
 Ice Form                 Ice/Tmut       #.......     85%         4    #####..
 Blade Hands              Tmut           #.........   95%         5    ######.


Dungeon Overview and Level Annotations

Branches:
Dungeon (4/15)
 Temple: D:4-7

Altars:
Ashenzari
Elyvilon

Annotations:
D:4 Natasha


Innate Abilities, Weirdness & Mutations

You reflexively headbutt those who attack you in melee.
You have a pair of horns on your head.


Message History

You feel sick.
No target in view!
You butcher the worker ant corpse.
w - 5 chunks of flesh (gained 2)
There is a stone staircase leading down here.
You feel sick.
There is a stone staircase leading down here.
You feel sick.
f - 3 bubbling cyan potions (gained 1)
You feel sick.
You feel sick.
You feel sick. 4 gnolls and a gnoll shaman come into view.
The gnoll shouts!
The gnoll shaman shouts!
The gnoll shouts! x2
A gnoll comes into view. It is wielding a halberd.
There are monsters nearby!
There are monsters nearby!
You feel sick.
You feel sick.
You are no longer poisoned.
There is an escape hatch in the ceiling here.
There is a stone staircase leading up here.
You start resting.
The gnoll is too close now for your liking.
You aren't carrying any items that you can evoke.
The gnoll shaman calls upon its god to speed up the gnoll.
The gnoll seems to speed up.
You are feeling hungry.
You barely miss the gnoll. The gnoll barely misses you. The gnoll hits you. x2
The gnoll barely misses you. You furiously retaliate!
You headbutt the gnoll! The gnoll hits you!
* * * LOW HITPOINT WARNING * * *
The gnoll shaman calls upon its god to speed up the gnoll.
The gnoll seems to speed up.
The gnoll shouts!
There is a stone staircase leading up, spattered with blood here.
The gnoll hits you.
* * * LOW HITPOINT WARNING * * *
The gnoll hits you with a halberd.
* * * LOW HITPOINT WARNING * * *
The gnoll hits you with a whip!
* * * LOW HITPOINT WARNING * * *
You climb upwards.
There is a stone staircase leading down here.
Unknown command.
Unknown command.
Unknown command.
The gnoll hits you from afar with a halberd!
You die...

##### ##...##
##.###.##
#.#####g###
#.##.@>...#
#.##.##.#.#
##.#.#.##.#
######### ##...###.#
#.)......
##.####.####.#######
#.....#..........#
#..##..........#.###
#..#########)#.#....
#..#### #.#.#####


You could see a gnoll.

Vanquished Creatures
  An ogre (D:4)
  A hound (D:4)
  Crazy Yiuf (D:3)
  An orc wizard (D:3)
  Jessica (D:3)
  Natasha (twice) (D:4)
  2 worker ants (D:4)
  6 adders
  2 oozes
  An adder skeleton (D:4)
  A worm (D:3)
  4 dart slugs
  A leopard gecko (D:3)
  2 orcs (D:3)
  A giant cockroach (D:4)
  10 goblins
  11 hobgoblins
  6 jackals
  3 kobolds
  A quokka (D:4)
  3 ball pythons
  8 frilled lizards
  5 rats
74 creatures vanquished.

Notes
Turn   | Place    | Note
-------+----------+-------------------------------------------
     0 | D:1      | MalarOregon the Minotaur Transmuter began the quest for the
                  | Orb.
     0 | D:1      | Reached XP level 1. HP: 16/16 MP: 1/1
   106 | D:1      | Reached XP level 2. HP: 19/24 MP: 3/3
   878 | D:2      | Learned a level 2 spell: Sticks to Snakes
  1059 | D:2      | Reached XP level 3. HP: 28/29 MP: 4/4
  1493 | D:2      | Found a white marble altar of Elyvilon.
  1501 | D:2      | Reached XP level 4. HP: 19/37 MP: 5/5
  2110 | D:3      | Reached skill level 1 in Staves
  2267 | D:3      | Noticed Jessica
  2274 | D:3      | Killed Jessica
  2274 | D:3      | Reached XP level 5. HP: 38/44 MP: 6/6
  2308 | D:3      | Found a shattered altar of Ashenzari.
  2509 | D:3      | Found a runed door.
  2766 | D:3      | Noticed Crazy Yiuf
  2774 | D:3      | Killed Crazy Yiuf
  2867 | D:4      | Noticed an ogre
  2875 | D:4      | Killed an ogre
  2875 | D:4      | Reached XP level 6. HP: 47/51 MP: 6/8
  3011 | D:4      | Noticed Natasha
  3019 | D:4      | Killed Natasha
  3068 | D:4      | Noticed Natasha
  3076 | D:4      | Killed Natasha
  3382 | D:4      | Noticed Natasha
  3495 | D:3      | Slain by a gnoll

Skill      XL: |  1  2  3  4  5  6 |
---------------+-------------------+-----
Fighting       | 2 3 |  3.9
Dodging        | 3 4 |  4.1
Transmutations | 2 |  2.5
Unarmed Combat | 4 |  4.9
Staves         | 1 2 |  2.1
Spellcasting   | 2 |  2.0

Action                   |  1- 3 |  4- 6 || total
-------------------------+-------+-------++-------
Melee: Unarmed           |    46 |       ||    46
       Headbutt          |     9 |    13 ||    22
       Quarterstaff      |    40 |   114 ||   154
 Cast: Sticks to Snakes  |       |     3 ||     3
  Use: Scroll            |     1 |       ||     1
 Stab: Sleeping          |       |     1 ||     1
  Eat: Chunk             |     2 |     6 ||     8
Armor: Robe              |    13 |    11 ||    24
Dodge: Dodged            |    49 |    71 ||   120
